 Dungeon Crawl Stone Soup version 0.21.0-25-ge575cb9 (webtiles) character file.

587 komo4ek the Slasher (level 7, -4/53 HPs)
             Began as a Human Gladiator on Jan 24, 2018.
             Was a Follower of Qazlal.
             Incinerated by tidbits's ghost (7 damage)
             ... with a sticky flame
             ... on level 4 of the Dungeon.
             The game lasted 00:09:08 (3432 turns).

komo4ek the Slasher (Human Gladiator)               Turns: 3432, Time: 00:09:09

Health: -4/53      AC:  9    Str: 15 (16) XL:     7   Next: 65%
Magic:  7/7        EV: 13    Int:  7 (8)  God:    Qazlal [*.....]
Gold:   130        SH:  2    Dex: 14 (15) Spells: 6/6 levels left

rFire    x . .     SeeInvis .   a - +1 long sword
rCold    + . .     Gourm    .   (no shield)
rNeg     . . .     Faith    .   r - +0 ring mail
rPois    .         Spirit   .   c - +0 helmet
rElec    .         Reflect  .   (no cloak)
rCorr    .         Harm     .   t - +1 pair of gloves
MR       .....                  (no boots)
Stlth    ..........             u - amulet of regeneration
HPRegen  0.57/turn              h - ring of loudness
MPRegen  0.10/turn              i - ring of ice

@: lethally poisoned (-4 -> -12), liquid flames, glowing
A: no striking features
a: Renounce Religion


You were on level 4 of the Dungeon.
You worshipped Qazlal.
Qazlal was aware of your devotion.
You were not hungry.

You visited 1 branch of the dungeon, and saw 4 of its levels.

You collected 130 gold pieces.

Inventory:

Hand Weapons
 a - a +1 long sword (weapon)
 e - a +0 hunting sling
 p - a +0 dagger of holy wrath
Missiles
 d - 3 throwing nets (quivered)
 g - 36 sling bullets
 o - 20 bolts
 y - 42 stones
Armour
 b - a +0 leather armour
 c - a +0 helmet (worn)
 r - a +0 ring mail (worn)
 t - a +1 pair of gloves (worn)
 z - a +0 helmet
Jewellery
 h - a ring of loudness (left hand)
 i - a ring of ice (right hand)
 u - an amulet of regeneration (around neck)
Scrolls
 m - a scroll of amnesia
 n - 2 scrolls of enchant weapon
 w - 5 scrolls of identify
 x - a scroll of remove curse
Potions
 j - a potion of degeneration
 k - a potion of flight {unknown}
 l - 2 potions of brilliance {unknown}
 s - a potion of magic {unknown}
 A - a potion of curing {unknown}
Comestibles
 f - 2 rations
 q - 4 chunks of flesh


   Skills:
 + Level 3.8 Fighting
 + Level 4.5 Long Blades
 + Level 3.8 Throwing
 + Level 3.2 Armour
 + Level 4.5 Dodging


You had 6 spell levels left.
You didn't know any spells.

Dungeon Overview and Level Annotations

Branches:
Dungeon (4/15)
 Temple: D:4-7

Altars:
Qazlal

Annotations:
D:4 tidbits's ghost, novice GnFE


Message History

Tidbits's ghost sprays you with burning goo.
The sticky flame hits you! The fire burns you terribly!
You are covered in liquid flames!
You hit tidbits's ghost.
Tidbits's ghost is severely damaged.
You are covered in liquid flames!
Tidbits's ghost hits you. x2
You are poisoned.
You slash tidbits's ghost!
Tidbits's ghost is severely damaged.
You are covered in liquid flames!
* * * LOW HITPOINT WARNING * * *
You feel sick.
Tidbits's ghost hits you but does no damage.
You are lethally poisoned!
It was a potion of degeneration.
There was something very wrong with that liquid.
You feel weakened.
You feel dopey.
You feel clumsy.
You are covered in liquid flames!
You die...

#.# #.# #.# #.###.## #.#
#....... #.# #..##.##
####.# #..##.#
..#.####..##.##
#.#............
############.#..........##
..((..(.W@.)......#######
....########.##.#........
# #.##.######### #.##.#
..##.# # ..##.# # #..##.#
## #.###.# ###.. #.#
#......


You could see tidbits's ghost.

Vanquished Creatures
  Sigmund (D:3)
  Eustachio (D:4)
  Blork the orc (D:4)
  A scorpion (D:4)
  An orc wizard (D:2)
  A worker ant (D:4)
  4 adders
  4 worms
  A dart slug (D:2)
  2 leopard geckos (D:1)
  8 orcs
  7 bats
  3 giant cockroaches
  9 goblins
  4 hobgoblins
  7 jackals
  2 quokkas
  2 ball pythons (D:2)
  5 frilled lizards
  3 kobolds
  A rat (D:3)
68 creatures vanquished.

Notes
Turn   | Place    | Note
-------+----------+-------------------------------------------
     0 | D:1      | komo4ek the Human Gladiator began the quest for the Orb.
     0 | D:1      | Reached XP level 1. HP: 16/16 MP: 1/1
   316 | D:1      | Reached XP level 2. HP: 21/22 MP: 2/2
   796 | D:2      | Reached XP level 3. HP: 24/27 MP: 3/3
   809 | D:2      | Reached skill level 1 in Armour
   879 | D:2      | Reached XP level 4. HP: 7/34 MP: 4/4
  1504 | D:2      | Found a stormy altar of Qazlal.
  1512 | D:2      | Became a worshipper of Qazlal Stormbringer
  1755 | D:2      | Reached XP level 5. HP: 37/39 MP: 5/5
  2672 | D:3      | Noticed Sigmund
  2696 | D:3      | Killed Sigmund
  2696 | D:3      | Reached * piety under Qazlal
  2696 | D:3      | Reached XP level 6. HP: 19/47 MP: 6/6
  3097 | D:4      | Noticed Eustachio
  3126 | D:4      | Killed Eustachio
  3126 | D:4      | Reached XP level 7. HP: 29/53 MP: 7/7
  3242 | D:4      | Noticed Blork the orc
  3249 | D:4      | Killed Blork the orc
  3421 | D:4      | Noticed tidbits's ghost (novice GnFE)
  3432 | D:4      | Incinerated by tidbits's ghost

Skill      XL: |  1  2  3  4  5  6 |
---------------+-------------------+-----
Armour         | 1 2 3 |  3.2
Fighting       | 3 |  3.8
Long Blades    | 4 |  4.5
Throwing       | 3 |  3.8
Dodging        | 4 |  4.5

Action                   |  1- 3 |  4- 6 |  7- 9 || total
-------------------------+-------+-------+-------++-------
Melee: Long sword        |    58 |   184 |    20 ||   262
Throw: Stone             |       |    27 |       ||    27
       Tomahawk          |       |       |     8 ||     8
  Use: Scroll            |       |     7 |       ||     7
       Potion            |       |       |     1 ||     1
  Eat: Chunk             |       |     5 |       ||     5
       Ration            |       |     1 |       ||     1
Armor: Leather armour    |    21 |       |       ||    21
       Ring mail         |       |    68 |     4 ||    72
Dodge: Dodged            |    34 |   127 |    16 ||   177
Block: Other             |       |       |     2 ||     2
       Rpst.: Long sword |    13 |    37 |     8 ||    58
